 Dungeon Crawl Stone Soup version 0.19.1 (webtiles) character file.

24985 dvd the Lord of Darkness (level 12, -5/84 HPs)
             Began as a Demonspawn Necromancer on Dec 22, 2016.
             Was the Champion of Kikubaaqudgha.
             Slain by an elephant (13 damage)
             ... on level 3 of the Lair of Beasts.
             The game lasted 01:34:14 (18451 turns).

dvd the Lord of Darkness (Demonspawn Necromancer)  Turns: 18451, Time: 01:34:15

Health: -5/84      AC: 12    Str: 17    XL:     12   Next: 85%
Magic:  2/24       EV: 12    Int: 20    God:    Kikubaaqudgha [******]
Gold:   1242       SH:  0    Dex: 17    Spells: 9 memorised, 3 levels left

rFire  + . .     SeeInvis .     M - +4 scimitar (flame)
rCold  + + .     Gourm    +     G - +2 scale mail {rF+}
rNeg   . . .     Faith    .     (no shield)
rPois  .         Spirit   .     (no helmet)
rElec  .         Reflect  .     (no cloak)
rCorr  .         Harm     .     (no gloves)
MR     ++...     Clarity  +     (boots unavailable)
Stlth  ++........               L - amulet "Othriseosk" {Gourm Str+3 Dex+2}
                                j - ring of the Mage {Wiz MR++ Int+3}
                                p - ring of Vehumet's Displeasure {+Fly rC++ Str+2 Slay+2}

@: lethally poisoned (-5 -> -34), about to teleport
A: talons 3, icy blue scales 2, blurry vision 1, clarity, low mp 1, spiny 1, rot
immunity
a: Receive Corpses, Torment, Brand Weapon With Pain, Receive Necronomicon,
Renounce Religion, Evoke Flight


You were on level 3 of the Lair of Beasts.
You worshipped Kikubaaqudgha.
Kikubaaqudgha was exalted by your worship.
You were full.

You visited 4 branches of the dungeon, and saw 18 of its levels.

You collected 1242 gold pieces.

Inventory:

Hand Weapons
 a - a +3 rapier of speed
 H - a +1 dagger of venom
 K - a +0 vampiric great sword
 M - a +4 scimitar of flaming (weapon)
Missiles
 e - 13 javelins (quivered)
Armour
 h - a +2 leather armour of cold resistance
 t - a +0 troll leather armour {Snorg}
 G - a +2 scale mail of fire resistance (worn)
 N - a +2 robe of fire resistance
Magical Staves
 z - an uncursed staff of energy
Jewellery
 g - an uncursed amulet of rage
 j - the ring of the Mage (right hand) {Wiz MR++ Int+3}
   (You found it on level 8 of the Dungeon)

   [ring of wizardry]

   It improves your spell success rate.
   It affects your intelligence (+3).
   It affects your resistance to hostile enchantments.
 o - an uncursed ring of protection from cold
 p - the ring of Vehumet's Displeasure (left hand) {+Fly rC++ Str+2 Slay+2}
   (You took it off an orc on level 8 of the Dungeon)

   [ring of flight]

   It affects your strength (+2).
   It affects your accuracy and damage with ranged weapons and melee attacks
   (+2).
   It greatly protects you from cold.
   It lets you fly.
 w - an uncursed ring of magical power
 L - the amulet "Othriseosk" (around neck) {Gourm Str+3 Dex+2}
   (You found it on level 12 of the Dungeon)

   [amulet of the gourmand]

   It allows you to eat raw meat even when not hungry.
   It affects your strength (+3).
   It affects your dexterity (+2).
Wands
 y - a wand of flame (37/48)
 D - a wand of random effects (35/48)
 F - a wand of iceblast (4/15)
 I - a wand of flame (33/48)
Scrolls
 d - 2 scrolls of recharging
 f - 3 scrolls of identify
 m - a scroll of teleportation
 A - 6 scrolls of remove curse
 C - a scroll of magic mapping
Potions
 b - a potion of curing
 n - a potion of beneficial mutation
 q - a potion of cure mutation
 r - a potion of might
Books
 s - a book of Geomancy

   Spells                             Type                      Level
   a - Sandblast                      Earth                        1
   b - Passwall                       Transmutation/Earth          2
   c - Stone Arrow                    Conjuration/Earth            3
   d - Petrify                        Transmutation/Earth          4
   e - Lee's Rapid Deconstruction     Earth                        5
 u - a book of Necromancy

   Spells                             Type                      Level
   a - Pain                           Necromancy                   1
   b - Animate Skeleton               Necromancy                   1
   c - Vampiric Draining              Necromancy                   3
   d - Regeneration                   Charms/Necromancy            3
   e - Animate Dead                   Necromancy                   4
   f - Control Undead                 Necromancy                   4
 v - Kikubaaqudgha's Grimoire of Necromancy
   (Kikubaaqudgha gifted it to you on level 9 of the Dungeon)

   Spells                             Type                      Level
   a - Animate Dead                   Necromancy                   4
   b - Excruciating Wounds            Charms/Necromancy            5
   c - Bolt of Draining               Conjuration/Necromancy       5
   d - Dispel Undead                  Necromancy                   5
   e - Simulacrum                     Ice/Necromancy               6
 x - Kikubaaqudgha's Papyrus of Evil
   (Kikubaaqudgha gifted it to you on level 7 of the Dungeon)

   Spells                             Type                      Level
   a - Animate Skeleton               Necromancy                   1
   b - Corpse Rot                     Necromancy                   2
   c - Sublimation of Blood           Necromancy                   2
   d - Vampiric Draining              Necromancy                   3
   e - Control Undead                 Necromancy                   4
 B - a book of Maledictions

   Spells                             Type                      Level
   a - Corona                         Hexes                        1
   b - Ensorcelled Hibernation        Hexes/Ice                    2
   c - Confuse                        Hexes                        3
   d - Tukima's Dance                 Hexes                        3
   e - Dazzling Spray                 Conjuration/Hexes            3
Miscellaneous
 E - a lamp of fire
Comestibles
 c - 11 bread rations
 i - 7 beef jerkies
 k - 21 fruits
 l - 6 meat rations


   Skills:
 + Level 4.6 Fighting
 + Level 6.5(6.6) Short Blades
 + Level 1.2(4.2) Long Blades
   Level 0.5 Maces & Flails
 + Level 3.8 Armour
 + Level 4.3 Dodging
 + Level 5.0 Stealth
 + Level 11.0 Spellcasting
 + Level 5.6 Conjurations
 + Level 2.5 Charms
 + Level 13.3 Necromancy
 + Level 3.2 Earth Magic
 + Level 2.0 Evocations


You had 3 spell levels left.
You knew the following spells:

 Your Spells              Type           Power        Failure   Level  Hunger
a - Pain                  Necr           ####         1%          1    None
b - Vampiric Draining     Necr           ######....   1%          3    None
c - Regeneration          Chrm/Necr      #####.....   1%          3    None
d - Bolt of Draining      Conj/Necr      #####.....   6%          5    ####...
e - Animate Dead          Necr           N/A          1%          4    ##.....
f - Stone Arrow           Conj/Erth      ####..       4%          3    None
g - Sublimation of Blood  Necr           ######....   1%          2    None
h - Control Undead        Necr           ######....   1%          4    ##.....
i - Excruciating Wounds   Chrm/Necr      #####.....   10%         5    ####...


Dungeon Overview and Level Annotations

Branches:
Dungeon (13/15)            Temple (1/1) D:5            Lair (3/6) D:11
    Orc (1/2) D:10
  Swamp: Lair:2-4    Shoals: Lair:2-4     Snake: Lair:2-4    Spider: Lair:2-4
 Vaults: D:13-14

Altars:
Ashenzari
Cheibriados
Dithmenos
Elyvilon
Fedhas
Gozag
Hepliaklqana
Kikubaaqudgha
Makhleb
Nemelex Xobeh
Okawaru
Qazlal
Ru
Sif Muna
Trog
Uskayaw
Vehumet
Xom
Yredelemnul
Zin
The Shining One

Shops:
D:10 (   D:13 (

Annotations:
Lair:3 Rupert


Innate Abilities, Weirdness & Mutations

You have claws for feet.
You are mostly covered in icy blue scales. (AC +3)
You are partially covered in sharp spines.
You are immune to rotting.
Scrolls take you a little longer to read.
You possess an exceptional clarity of mind.
Your magical capacity is low. (-10% MP)


Message History

The elephant tramples you but does no damage.
The elephant trunk-slaps you but does no damage.
Rupert the Wild comes into view.
He is wielding a great mace of venom.
Really read with blurry vision while enemies are nearby?
Rupert rages.
You begin reading the scroll.
You continue reading the scroll.
As you read the scroll of teleportation, it crumbles to dust.
You feel strangely unstable.
Unknown command.
You feel better. Rupert hits you but does no damage.
Unknown command.
You hit Rupert but do no damage. You claw Rupert.
Rupert is lightly wounded.
Rupert is struck by your spines.
Rupert hits you with a great mace of venom!!
* * * LOW HITPOINT WARNING * * *
You are lethally poisoned!
The elephant is struck by your spines. The elephant tramples you!
You die...
Kikubaaqudgha rasps: "You have failed me!
Welcome... death!"

#..#P..(##........
#......#..........
#..........)......
#...............[.
#.................
#.................
#..†...Z....<.....
#Y@##.............
#@###.............
### #..#..........
##..##/.......
#####..P#....
########. #


You could see Rupert (berserk) and an elephant.

Vanquished Creatures
  Snorg (D:11)
  3 hydras
  Harold (D:10)
  Erica (Lair:2)
  The ghost of dondy the Carver, a journeyman DsAK of Lugonu (Lair:1)
  3 hill giants
  2 orc knights (D:10)
  A manticore (D:11)
  A cyclops (D:7)
  A centaur zombie (D:10)
  5 elephants (Lair:3)
  Psyche (D:9)
  5 spiny frogs
  2 centaur skeletons (D:10)
  3 komodo dragons
  A rime drake (Lair:2)
  3 trolls
  Prince Ribbit (D:8)
  3 hippogriffs
  A wyvern (D:10)
  A basilisk (Lair:1)
  9 yaks
  A hungry ghost (D:7)
  The ghost of appiemonkey the Skirmisher, an amateur GrFi (D:3)
  A soldier ant (D:13)
  3 water moccasins
  Purgy (D:3)
  4 porcupines
  3 phantoms
  8 orc warriors
  4 sky beasts
  A black bear (D:8)
  4 ice beasts
  An eye of draining (D:9)
  11 ogres
  6 wolves
  5 centaurs
  4 crocodiles
  3 big kobolds
  7 bullfrogs
  A scorpion (D:9)
  13 killer bees
  3 electric eels (D:10)
  5 howler monkeys
  10 crimson imps
  5 hounds
  3 bullfrog zombies
  4 jellies
  15 orc wizards
  6 orc priests
  Natasha (D:3)
  7 iguanas
  5 worker ants
  A hound zombie (D:6)
  2 hound skeletons
  4 gnolls
  2 howler monkey skeletons
  13 adders
  A river rat (D:11)
  3 shadow imps
  2 oozes
  An adder zombie (D:9)
  3 adder skeletons
  2 worms
  A dart slug (D:4)
  5 leopard geckos
  49 orcs
  19 bats
  6 giant cockroaches
  10 goblins
  9 hobgoblins
  6 jackals
  28 kobolds
  5 quokkas
  2 ball pythons
  6 frilled lizards
  A leopard gecko skeleton (D:4)
  17 rats
394 creatures vanquished.

Vanquished Creatures (collateral kills)
  A wraith (D:13)
  4 yaks (Lair:2)
  A water moccasin (Lair:2)
  A porcupine (D:11)
  An ogre (D:7)
  3 wolves (Lair:2)
  3 orcs
  A bat (D:11)
  A rat (D:11)
16 creatures vanquished.

Vanquished Creatures (others)
  A centaur zombie (D:12)
  A shadow imp (D:13)
  An orc (D:11)
  5 fungi (D:11)
  3 plants (D:11)
11 creatures vanquished.

Grand Total: 421 creatures vanquished

Notes
Turn   | Place    | Note
-------+----------+-------------------------------------------
     0 | D:1      | dvd the Demonspawn Necromancer began the quest for the Orb.
     0 | D:1      | Reached XP level 1. HP: 13/13 MP: 3/3
   323 | D:1      | Gained mutation: You have sharp toenails. [demonic ancestry]
   323 | D:1      | Reached XP level 2. HP: 13/19 MP: 0/5
   794 | D:1      | Reached skill level 5 in Necromancy
   958 | D:1      | Reached XP level 3. HP: 23/24 MP: 3/6
  1593 | D:1      | Learned a level 3 spell: Vampiric Draining
  1597 | D:1      | Learned a level 3 spell: Regeneration
  1723 | D:2      | Gained mutation: You are immune to rotting. [demonic ancestry]
  1723 | D:2      | Reached XP level 4. HP: 25/30 MP: 1/8
  2191 | D:3      | Noticed appiemonkey's ghost (amateur GrFi)
  2460 | D:3      | Noticed Purgy
  2473 | D:3      | Killed Purgy
  2473 | D:3      | Gained mutation: You are partially covered in sharp spines. [demonic ancestry]
  2473 | D:3      | Reached XP level 5. HP: 36/36 MP: 8/10
  2517 | D:3      | Learned a level 1 spell: Sandblast
  2733 | D:3      | Noticed Natasha
  2745 | D:3      | Killed Natasha
  3423 | D:3      | Killed appiemonkey's ghost
  3423 | D:3      | Reached skill level 6 in Necromancy
  3423 | D:3      | Gained mutation: You have razor-sharp toenails. [demonic ancestry]
  3423 | D:3      | Reached XP level 6. HP: 42/42 MP: 11/11
  3864 | D:4      | Found a glowing golden altar of the Shining One.
  3944 | D:4      | Reached skill level 1 in Fighting
  3944 | D:4      | Reached skill level 1 in Short Blades
  4101 | D:4      | Reached XP level 7. HP: 46/48 MP: 10/13
  4114 | D:4      | Learned a level 4 spell: Animate Dead
  4162 | D:4      | Reached skill level 1 in Earth Magic
  4983 | D:5      | Entered Level 5 of the Dungeon
  4996 | D:5      | Reached skill level 1 in Charms
  5151 | D:5      | Reached skill level 5 in Spellcasting
  5151 | D:5      | Reached skill level 7 in Necromancy
  5151 | D:5      | Gained mutation: You are partially covered in icy blue scales. (AC +2) [demonic ancestry]
  5151 | D:5      | Reached XP level 8. HP: 37/54 MP: 10/15
  5180 | D:5      | Learned a level 3 spell: Stone Arrow
  5205 | D:5      | Learned a level 4 spell: Animate Dead
  5417 | D:5      | Found a staircase to the Ecumenical Temple.
  5422 | Temple   | Entered the Ecumenical Temple
  5519 | Temple   | Became a worshipper of Kikubaaqudgha
  5962 | D:6      | You fall through a shaft!
  6129 | D:7      | Reached XP level 9. HP: 62/62 MP: 16/18
  6227 | D:7      | Reached * piety under Kikubaaqudgha
  6227 | D:7      | Identified Kikubaaqudgha's Papyrus of Evil (Kikubaaqudgha gifted it to you on level 7 of the Dungeon)
  6227 | D:7      | Received a gift from Kikubaaqudgha
  6227 | D:7      | Reached skill level 8 in Necromancy
  6234 | D:7      | Learned a level 2 spell: Sublimation of Blood
  6267 | D:7      | Noticed a cyclops
  7757 | D:7      | Killed a cyclops
  7757 | D:7      | Reached skill level 1 in Evocations
  7925 | D:8      | Reached skill level 9 in Necromancy
  8013 | D:8      | Noticed Prince Ribbit
  8226 | D:7      | Gained mutation: You possess an exceptional clarity of mind. [potion of beneficial mutation]
  8354 | D:8      | Learned a level 4 spell: Control Undead
  8408 | D:8      | Reached ** piety under Kikubaaqudgha
  8428 | D:8      | Killed Prince Ribbit
  8449 | D:8      | Reached skill level 5 in Short Blades
  8499 | D:8      | Gained mutation: You are mostly covered in icy blue scales. (AC +3) [demonic ancestry]
  8499 | D:8      | Reached XP level 10. HP: 31/70 MP: 0/20
  8515 | D:7      | Reached skill level 1 in Conjurations
  8743 | D:8      | Got a transparent lapis lazuli ring
  8745 | D:8      | Identified the ring of Vehumet's Displeasure {+Fly rC++ Str+2 Slay+2} (You took it off an orc on level 8 of the Dungeon)
  9194 | D:9      | Reached *** piety under Kikubaaqudgha
  9194 | D:9      | Identified Kikubaaqudgha's Grimoire of Necromancy (Kikubaaqudgha gifted it to you on level 9 of the Dungeon)
  9194 | D:9      | Received a gift from Kikubaaqudgha
  9663 | D:9      | Noticed Psyche
  9672 | D:9      | Paralysed by Psyche for 5 turns
  9677 | D:9      | Killed Psyche
  9718 | D:9      | Reached skill level 10 in Necromancy
 10142 | D:9      | Found Ogicoka's Antique Armour Shop.
 10311 | D:9      | Found an iron altar of Okawaru.
 10425 | D:10     | Entered Level 10 of the Dungeon
 10687 | D:10     | Reached **** piety under Kikubaaqudgha
 10695 | D:10     | Noticed Harold
 10730 | D:10     | Killed Harold
 10849 | D:10     | Found a staircase to the Orcish Mines.
 10849 | D:10     | Noticed an orc knight
 10849 | D:10     | Noticed an orc knight
 10850 | D:10     | Found Kest's Weapon Shop.
 11093 | D:10     | Killed an orc knight
 11604 | D:10     | Killed an orc knight
 11604 | D:10     | Reached skill level 11 in Necromancy
 11604 | D:10     | Reached XP level 11. HP: 51/75 MP: 3/24
 12054 | D:11     | Reached ***** piety under Kikubaaqudgha
 12100 | D:11     | Found a staircase to the Lair.
 12170 | D:11     | Noticed a seven-headed hydra
 12423 | D:11     | Noticed Snorg
 12445 | D:10     | Noticed a hill giant
 12733 | D:9      | Killed a hill giant
 12733 | D:9      | Reached skill level 1 in Armour
 13007 | Orc:1    | Entered Level 1 of the Orcish Mines
 13308 | D:11     | Learned a level 5 spell: Bolt of Draining
 13352 | D:11     | You fall through a shaft for 2 floors!
 13577 | D:12     | Noticed an eight-headed hydra
 13602 | D:13     | Noticed a hill giant
 13622 | D:13     | Killed a hill giant
 13664 | D:13     | Found Hoeph's Antique Weapon Shop.
 13843 | D:12     | Killed an eight-headed hydra
 13905 | D:12     | Got a vibrating steel amulet
 13907 | D:12     | Identified the amulet "Othriseosk" {Gourm Str+3 Dex+2} (You found it on level 12 of the Dungeon)
 14167 | D:11     | Noticed a hill giant
 14228 | D:11     | Reached skill level 12 in Necromancy
 14536 | D:11     | Reached skill level 10 in Spellcasting
 14926 | D:12     | Learned a level 5 spell: Excruciating Wounds
 14929 | D:12     | Gained mutation: Scrolls take you a little longer to read. [mutagenic glow]
 14977 | D:12     | Gained mutation: Your magical capacity is low. (-10% MP) [mutagenic glow]
 15261 | D:11     | Killed Snorg
 15477 | Lair:1   | Entered Level 1 of the Lair of Beasts
 15493 | Lair:1   | Identified a scroll of acquirement
 15493 | Lair:1   | Got a pair of fine boots
 15504 | Lair:1   | Identified the +2 pair of boots of the Komodo Dragon {rF+ MP+9 Str+2} (You acquired it on level 1 of the Lair of Beasts)
 15549 | Lair:1   | Noticed dondy's ghost (journeyman DsAK)
 15610 | D:11     | Killed a hill giant
 15619 | D:11     | Killed a seven-headed hydra
 15619 | D:11     | Gained mutation: You have claws for feet. [demonic ancestry]
 15619 | D:11     | Reached XP level 12. HP: 56/83 MP: 8/23
 16065 | Lair:1   | Killed dondy's ghost
 16976 | Lair:2   | Noticed Erica
 17076 | Lair:2   | Reached skill level 5 in Conjurations
 18209 | Lair:2   | Killed Erica
 18209 | Lair:2   | Reached skill level 13 in Necromancy
 18278 | Lair:2   | Noticed a seven-headed hydra
 18284 | Lair:2   | Killed a five-headed hydra
 18284 | Lair:2   | Reached skill level 5 in Stealth
 18444 | Lair:3   | Reached skill level 1 in Long Blades
 18447 | Lair:3   | Reached ****** piety under Kikubaaqudgha
 18448 | Lair:3   | Noticed Rupert
 18451 | Lair:3   | Slain by an elephant

Skill      XL: |  1  2  3  4  5  6  7  8  9 10 11 12 |
---------------+-------------------------------------+-----
Necromancy     | 5 6 7 9 11 12 13 | 13.3
Dodging        | 2 3 4 |  4.3
Stealth        | 2 3 4 5 |  5.0
Spellcasting   | 3 4 5 6 7 9 10 11 | 11.0
Fighting       | 1 2 3 4 |  4.6
Short Blades   | 1 3 5 6 |  6.5
Earth Magic    | 2 3 |  3.2
Charms         | 1 2 |  2.5
Evocations     | 1 2 |  2.0
Conjurations   | 1 4 5 |  5.6
Armour         | 2 3 |  3.8
Long Blades    | 1 |  1.2
Maces & Flails | |  0.5

Action                   |  1- 3 |  4- 6 |  7- 9 | 10-12 || total
-------------------------+-------+-------+-------+-------++-------
Melee: Mace              |    18 |       |       |       ||    18
       Rapier            |    20 |    59 |   196 |   296 ||   571
       Kick              |     3 |    13 |    52 |    71 ||   139
       Dagger            |       |       |       |   104 ||   104
       Scimitar          |       |       |       |    17 ||    17
Throw: Javelin           |       |       |       |     2 ||     2
 Cast: Pain              |    60 |    37 |    50 |   118 ||   265
       Vampiric Draining |     1 |     5 |    37 |   115 ||   158
       Regeneration      |       |     3 |    14 |    36 ||    53
       Sandblast         |       |     8 |       |       ||     8
       Stone Arrow       |       |       |     9 |    20 ||    29
       Animate Dead      |       |       |    12 |    38 ||    50
       Control Undead    |       |       |       |     9 ||     9
       Sublimation of Bl |       |       |       |     4 ||     4
       Bolt of Draining  |       |       |       |    40 ||    40
       Excruciating Woun |       |       |       |     1 ||     1
Invok: Receive Corpses   |       |       |     1 |       ||     1
 Abil: Evoke Berserk Rag |       |     2 |     1 |     1 ||     4
Evoke: Wand              |       |       |       |    13 ||    13
       Lamp of fire      |       |       |       |     1 ||     1
  Use: Scroll            |       |     7 |     7 |    16 ||    30
       Potion            |       |       |     8 |     5 ||    13
 Stab: Sleeping          |     3 |     5 |     8 |    15 ||    31
       Distracted        |       |       |       |     1 ||     1
  Eat: Chunk             |     3 |     5 |    18 |    35 ||    61
       Fruit             |       |     2 |       |     1 ||     3
       Meat ration       |       |     1 |       |     3 ||     4
       Pizza             |       |       |     1 |       ||     1
       Beef jerky        |       |       |       |     1 ||     1
Armor: Robe              |    12 |     4 |    34 |    19 ||    69
       Scale mail        |       |       |       |   120 ||   120
       Leather armour    |       |       |       |    23 ||    23
Dodge: Dodged            |    30 |    32 |   105 |   284 ||   451
       Rpst.: Scimitar   |       |       |       |     1 ||     1
